[Event "10th Cesme Open-A 2024"]
[Site "Cesme"]
[Date "2024.06.24"]
[Round "2"]
[White "Kovalev, Vladislav"]
[Black "Gunduz, Umut Erdem"]
[Result "1/2-1/2"]
[ECO "C43"]
[WhiteElo "2559"]
[BlackElo "2312"]
[Annotator "TA"]
[PlyCount "59"]
[EventDate "2024.06.23"]
[EventType "swiss"]
[EventCountry "TUR"]
[SourceTitle "playchess.com"]
[Source "ChessBase"]
[SourceQuality "1"]
[TimeControl "5400+30"]

1. e4 e5 2. Nf3 Nf6 3. d4 Nxe4 4. Bd3 d5 5. Nxe5 Nd7 6. Nxd7 Bxd7 7. O-O Bd6 8. Nc3 Nxc3 9. bxc3 h5 10. Re1+ {[%emt 0:07:30] White is slightly better.} Kf8 11. Be3 Qh4 12. g3 Qg4 (12... Qh3 {is more complex.} 13. c4 h4 14. Bf1 Qf5) 13. Rb1 Qxd1 14. Rexd1 b6 15. h4 Re8 16. Re1 g6 17. c4 dxc4 18. Bxc4 Kg7 19. Bd3 Re7 20. c4 Rhe8 {[%emt 0:03:30][%cal Od6g3] [#] Threatens to win with ...Bxg3!} 21. Bd2 Rxe1+ 22. Bxe1 c5 23. d5 Be5 24. Bd2 Bd4 25. Rb3 Bg4 26. Kf1 Bh3+ 27. Kg1 Bg4 {[%emt 0:00:00] The position is equal.} 28. Kf1 Bh3+ 29. Kg1 Bg4 30. Kf1 {[%emt 0:00:00] A rather calm draw.   Weighted Error Value: White=0.03 (flawless) /Black=0.02 (flawless) .  Inaccurate:     	White=1     	Black=1      OK:         	White=10    	Black=15     Best:        	---       	Black=1} 1/2-1/2

[Event "10th Cesme Open-A 2024"]
[Site "Cesme"]
[Date "2024.06.24"]
[Round "2"]
[White "Kharitonov, Alexandr"]
[Black "Koksal, Ege"]
[Result "1/2-1/2"]
[ECO "D35"]
[WhiteElo "2522"]
[BlackElo "2297"]
[Annotator "TA"]
[PlyCount "53"]
[EventDate "2024.06.23"]
[EventType "swiss"]
[EventCountry "TUR"]
[SourceTitle "playchess.com"]
[Source "ChessBase"]
[SourceQuality "1"]
[TimeControl "5400+30"]

1. d4 d5 2. c4 e6 3. Nc3 Nf6 4. cxd5 Nxd5 5. e4 Nxc3 6. bxc3 c5 7. Rb1 cxd4 8. cxd4 Nc6 9. Bb5 Bd7 10. Nf3 {[%emt 0:00:30] Threatens to win with d5.} Bb4+ 11. Bd2 Bxd2+ 12. Qxd2 O-O 13. O-O b6 14. d5 Na5 {[%emt 0:01:30] The position is equal.} 15. Bxd7 Qxd7 16. d6 f6 (16... Nc4 17. Qd4 Rfc8 (17... Nxd6 $2 {perishes.} 18. e5 $18) 18. Rbc1 $18) 17. Rbc1 Rac8 {[%emt 0:00:30] Prevents Rc7.} 18. e5 Nc4 19. Qd3 Nxe5 20. Nxe5 fxe5 21. h3 Rfd8 22. Rxc8 Qxc8 23. Rd1 Qc6 24. d7 b5 25. h4 e4 26. Qd2 h6 27. Kh2 {[%emt 0:08:30] Weighted Error Value: White=0.03 (flawless) /Black=0.02 (flawless) .  OK:         	White=8     	Black=12     Best:        	---       	Black=1} 1/2-1/2

[Event "10th Cesme Open-A 2024"]
[Site "Cesme"]
[Date "2024.06.24"]
[Round "2"]
[White "Gholami, Aryan"]
[Black "Biyiksiz, Ali Batuhan"]
[Result "1-0"]
[ECO "A46"]
[WhiteElo "2481"]
[BlackElo "2107"]
[Annotator "RC"]
[PlyCount "83"]
[EventDate "2024.06.23"]
[EventType "swiss"]
[EventCountry "TUR"]
[SourceTitle "playchess.com"]
[Source "ChessBase"]
[SourceQuality "1"]
[TimeControl "5400+30"]

1. Nf3 Nf6 2. d4 e6 3. Bf4 c5 4. e3 Qb6 5. Qc1 Nc6 6. c3 Nh5 7. Bg3 Nxg3 8. hxg3 d5 9. Bd3 Bd7 10. Nbd2 Rc8 11. Qb1 Bd6 12. a3 a5 13. a4 e5 14. dxe5 Nxe5 15. Nxe5 Bxe5 16. Rh5 Qd6 17. f4 Bf6 18. e4 dxe4 19. Nxe4 Qe7 20. Kf2 c4 21. Be2 Kf8 22. Rxa5 Re8 23. Bf3 Bc6 24. Ng5 Qe3+ 25. Kf1 Qb6 26. Rf5 h6 27. Ne4 Bxe4 28. Bxe4 Qe3 29. Bf3 Be7 30. Re5 Qd2 31. Qe1 Qxb2 32. Rb1 Qc2 33. Rxb7 Qd3+ 34. Be2 Qd6 35. Bxc4 Qc6 36. Bd5 Qa6+ 37. c4 Qd6 38. a5 h5 39. a6 h4 40. Rexe7 Rxe7 41. Qxe7+ Qxe7 42. Rb8+ 1-0

[Event "10th Cesme Open-A 2024"]
[Site "Cesme"]
[Date "2024.06.24"]
[Round "2"]
[White "Annaberdiyev, Meylis"]
[Black "Barrish, Daniel"]
[Result "0-1"]
[ECO "B12"]
[WhiteElo "2467"]
[BlackElo "2256"]
[Annotator "TA"]
[PlyCount "96"]
[EventDate "2024.06.23"]
[EventType "swiss"]
[EventCountry "TUR"]
[SourceTitle "playchess.com"]
[Source "ChessBase"]
[SourceQuality "1"]
[TimeControl "5400+30"]

1. e4 c6 2. d4 d5 3. e5 Bf5 4. Nf3 e6 5. Be2 c5 6. c3 Nc6 7. O-O cxd4 8. Nxd4 Nge7 9. Bb5 Qc7 {[%emt 0:00:30] The position is equal.} 10. Qa4 $1 a6 11. Bxc6+ Nxc6 12. Nxf5 exf5 13. Re1 Be7 14. Nd2 Qd7 15. Nf3 O-O 16. Qf4 Qe6 17. Qg3 Rfd8 18. Be3 b5 19. Rad1 b4 20. cxb4 Bxb4 {[%emt 0:03:30] [#]} 21. Bg5 $1 {[%emt 0:02:30][%cal Og5f6] Strongly threatening Bf6!} f4 $1 22. Qxf4 Bxe1 23. Bxd8 Bxf2+ 24. Kxf2 Rxd8 25. Rd2 h6 26. g4 Re8 27. Qf5 Nxe5 28. Qxe5 Qxe5 29. Nxe5 Rxe5 $15 {[%emt 0:00:30][%mdl 4096] Endgame. KR-KR} 30. Rd4 Kf8 31. Ra4 Re6 $1 32. Ra5 Rd6 ({Better is} 32... d4 $15) 33. Ke3 $11 Ke7 34. Kd4 Rb6 35. b3 Ke6 36. Kc5 (36. Rxd5 Rb4+ 37. Kc3 Rxb3+ (37... Rxg4 38. Ra5 $11) 38. Kc4 Rc3+ 39. Kd4 Rd3+ 40. Kxd3 Kxd5 $19) 36... Rd6 {[%emt 0:00:30] ...d4 is the strong threat.} 37. Kd4 g6 38. b4 f5 39. gxf5+ gxf5 40. Rc5 f4 41. Rc3 (41. h3 $1 $15) 41... Rb6 $1 $17 42. a3 {[%emt 0:00:30] [#]} a5 43. Rh3 Kf5 44. Kc5 $2 {[%emt 0:00:14][%mdl 8192] [#] Loses the game.} (44. bxa5 $11 Rb5 45. Rxh6) 44... Rf6 $1 $19 {[%emt 0:01:52] Hoping for ...axb4.} 45. Rd3 axb4 46. axb4 Ke4 47. Rd1 f3 48. Re1+ Kd3 {[%emt 0:00:24] Weighted Error Value: White=0.45/Black=0.07 (flawless) .  Loses game:     	White=1     	---        Mistake:       	White=1     	Black=2      Inaccurate:     	White=5     	---        OK:         	White=13    	Black=10     Best:        	White=1     	Black=2      Strong:       	White=1     	Black=4} 0-1

[Event "10th Cesme Open-A 2024"]
[Site "Cesme"]
[Date "2024.06.24"]
[Round "2"]
[White "Durak, Can"]
[Black "Bolat, Inayat"]
[Result "1-0"]
[ECO "D30"]
[WhiteElo "2442"]
[BlackElo "2232"]
[Annotator "TA"]
[PlyCount "71"]
[EventDate "2024.06.23"]
[EventType "swiss"]
[EventCountry "TUR"]
[SourceTitle "playchess.com"]
[Source "ChessBase"]
[SourceQuality "1"]
[TimeControl "5400+30"]

1. Nf3 d5 2. e3 Nf6 3. c4 c6 4. Nc3 Nbd7 5. cxd5 cxd5 6. d4 e6 7. Bd3 Bd6 8. O-O O-O 9. Bd2 e5 {[%emt 0:04:30] [#] Hoping for ...e4.} 10. Nb5 {[%emt 0:02:00] White is slightly better.} Bb8 {[%emt 0:02:30] ...e4 would now be deadly.} 11. dxe5 Nxe5 12. Nxe5 Bxe5 13. Bc3 Bb8 14. Bd4 {[%emt 0:04:00] White has more active pieces. The black rooks are passive.} a6 15. Nc3 Re8 16. Qf3 (16. Rc1 {simplifies} Be5 17. Bxe5 Rxe5 18. Qa4) 16... Ng4 17. g3 (17. Nxd5 $2 Bxh2+ 18. Kh1 Qh4 $19) 17... Ne5 18. Bxe5 (18. Qxd5 $2 Nxd3 19. Qb3 Be6 20. Qxb7 Bc7 $19) 18... Rxe5 {[%emt 0:00:30] Black is on the road to losing.} ({Better is} 18... Bxe5 $14 19. Rac1 Qa5) 19. Rfd1 $16 h5 20. Qg2 $40 {[%emt 0:01:30][%cal Od3e4][%mdl 128] White attacks with force.} Qa5 (20... d4 $142) 21. Be2 Be6 22. Bf3 h4 (22... Bd6 $16 {keeps fighting.} 23. Nxd5 (23. Bxd5 Bxd5 24. Nxd5 Re6 $16) 23... Rd8) 23. Bxd5 (23. gxh4 $6 Qd8 $16) 23... h3 24. Qf3 Bxd5 (24... Rf5 {was called for.} 25. Qe4 Re5) 25. Nxd5 $18 {[%emt 0:00:30][%cal Od5f6] [#] Threatens to win with Nf6+!} (25. Rxd5 Rxd5 26. Qxd5 (26. Nxd5 Bd6 $16) 26... Qxd5 27. Nxd5 Be5 $16) 25... Ba7 26. Nf4 Rae8 27. Qxb7 (27. Nxh3 Rxe3 28. fxe3 Rxe3 $18) 27... R5e7 28. Rd7 Rxe3 (28... Bc5 29. Rxe7 (29. Nxh3 Rxd7 30. Qxd7 Rd8 $18) 29... Bxe7) 29. fxe3 {[%emt 0:00:30] White is clearly winning.} Bxe3+ 30. Kf1 Bxf4 31. gxf4 Qa4 32. Rd2 ({Less strong is} 32. Rxf7 Qc4+ 33. Kg1 Qxf7 34. Qxf7+ (34. Qxa6 Qxf4 35. Qd3 Qg4+ 36. Qg3 Qd4+ 37. Kf1 Re3 $19) 34... Kxf7 $16) 32... Qxf4+ 33. Rf2 Qc4+ 34. Kg1 g6 35. Qf3 Re5 36. Raf1 {[%emt 0:00:30] Weighted Error Value: White=0.13 (very precise) /Black=0.40.  Mistake:       	---       	Black=5      Inaccurate:     	White=1     	Black=1      OK:         	White=12    	Black=5      Best:        	---       	Black=1} 1-0

[Event "10th Cesme Open-A 2024"]
[Site "Cesme"]
[Date "2024.06.24"]
[Round "2"]
[White "Yermolinsky, Alex"]
[Black "Ozcan, Kaan"]
[Result "1/2-1/2"]
[ECO "D63"]
[WhiteElo "2421"]
[BlackElo "2227"]
[Annotator "RC"]
[PlyCount "173"]
[EventDate "2024.06.23"]
[EventType "swiss"]
[EventCountry "TUR"]
[SourceTitle "playchess.com"]
[Source "ChessBase"]
[SourceQuality "1"]
[TimeControl "5400+30"]

1. d4 Nf6 2. c4 e6 3. Nc3 d5 4. Bg5 Be7 5. e3 O-O 6. Nf3 Nbd7 7. Rc1 dxc4 8. Bxc4 c5 9. O-O b6 10. Qe2 Bb7 11. Rfd1 Ne4 12. Bf4 Nxc3 13. Rxc3 Bxf3 14. Qxf3 cxd4 15. exd4 Rc8 16. Qb7 Nc5 17. Qxa7 Ra8 18. Qc7 Qxc7 19. Bxc7 Na4 20. Rc2 Rfc8 21. Bb3 Nxb2 22. Rdd2 Na4 23. g3 Bb4 24. Rd3 b5 25. d5 Nc5 26. Rd4 Nxb3 27. Rxb4 Na1 28. Rc5 exd5 29. Rbxb5 Rxa2 30. Be5 Re8 31. Rxd5 h6 32. Rb7 Re2 33. Bf4 R2e7 34. Rb2 Re2 35. Bd2 Rc8 36. Rb7 Rc2 37. Be3 Re1+ 38. Kg2 Rxe3 39. Rd8+ Kh7 40. Rxf7 Re6 41. Rdd7 Rg6 42. Rb7 Rc8 43. h4 Rg8 44. Rfc7 Ra6 45. Rb2 Ra3 46. h5 Nb3 47. Rc3 Rb8 48. g4 Nd4 49. Rxb8 Rxc3 50. Rf8 Ne6 51. Rf5 Rc5 52. Rf7 Kg8 53. Ra7 Rc3 54. Ra4 Rd3 55. Rb4 Kf7 56. f3 Nd4 57. Rb7+ Kg8 58. Rb8+ Kh7 59. Rf8 Ne6 60. Rf5 Kg8 61. Kf2 Rc3 62. Rd5 Rc7 63. Rd3 Kf7 64. Kg3 Kf6 65. Ra3 Nd4 66. Ra4 Ne6 67. Ra3 Rc2 68. Rd3 Ra2 69. Rd5 Ra3 70. Rf5+ Ke7 71. Re5 Rc3 72. Re4 Kf6 73. Ra4 Ng5 74. Rf4+ Ke6 75. Rf8 Ne4+ 76. Kf4 Nf6 77. Ra8 Rc1 78. Ra6+ Ke7 79. Ra7+ Nd7 80. Kf5 Rc6 81. f4 Rf6+ 82. Ke4 Ke8 83. g5 hxg5 84. fxg5 Rf1 85. h6 gxh6 86. gxh6 Rh1 87. Kd4 1/2-1/2

[Event "10th Cesme Open-A 2024"]
[Site "Cesme"]
[Date "2024.06.24"]
[Round "2"]
[White "Pacher, Milan"]
[Black "Abbasi Abeluie, Mohammad Mehdi"]
[Result "1-0"]
[ECO "B11"]
[WhiteElo "2387"]
[BlackElo "2079"]
[Annotator "RC"]
[PlyCount "77"]
[EventDate "2024.06.23"]
[EventType "swiss"]
[EventCountry "TUR"]
[SourceTitle "playchess.com"]
[Source "ChessBase"]
[SourceQuality "1"]
[TimeControl "5400+30"]

1. e4 c6 2. Nf3 d5 3. Nc3 Bg4 4. h3 Bxf3 5. Qxf3 e6 6. d4 Nf6 7. Bd3 Be7 8. O-O O-O 9. e5 Nfd7 10. Ne2 c5 11. c3 Nc6 12. Be3 g6 13. Rad1 Rc8 14. Bb1 b5 15. Bh6 Re8 16. Qf4 cxd4 17. cxd4 f5 18. g4 Bf8 19. gxf5 exf5 20. Nc3 Bxh6 21. Qxh6 Nf8 22. Nxb5 Rb8 23. Nd6 Re7 24. a3 Rc7 25. b4 Ne7 26. Rc1 Ne6 27. Nxf5 Nxf5 28. Bxf5 Nxd4 29. Bg4 Rf7 30. e6 Rf6 31. Qe3 Nf5 32. Qe5 Rb6 33. e7 Nxe7 34. Rc7 Nc6 35. Qg3 Nd4 36. Re1 Rbc6 37. Rd7 Qf8 38. Qe5 Ne6 39. Qxd5 1-0

[Event "10th Cesme Open-A 2024"]
[Site "Cesme"]
[Date "2024.06.24"]
[Round "2"]
[White "Samani, Yamac"]
[Black "Ozdemir, Serhan Berat"]
[Result "1/2-1/2"]
[ECO "E95"]
[WhiteElo "2360"]
[BlackElo "2225"]
[Annotator "RC"]
[PlyCount "163"]
[EventDate "2024.06.23"]
[EventType "swiss"]
[EventCountry "TUR"]
[SourceTitle "playchess.com"]
[Source "ChessBase"]
[SourceQuality "1"]
[TimeControl "5400+30"]

1. d4 Nf6 2. c4 g6 3. Nc3 Bg7 4. e4 d6 5. Be2 O-O 6. Nf3 Na6 7. O-O e5 8. Re1 exd4 9. Nxd4 Re8 10. Bf1 Nc5 11. f3 c6 12. Be3 Qe7 13. Qd2 Nfd7 14. Rad1 Ne5 15. h3 Ne6 16. f4 Nxd4 17. Bxd4 c5 18. Nd5 Qd8 19. Bc3 Nc6 20. Bxg7 Kxg7 21. f5 f6 22. Re3 Nd4 23. Rg3 g5 24. h4 h6 25. Bd3 Bd7 26. Rf1 Rg8 27. Nf4 Be8 28. hxg5 hxg5 29. Qc3 Bf7 30. Ne2 Kf8 31. Nxd4 cxd4 32. Qxd4 Qb6 33. Qxb6 axb6 34. a3 Rh8 35. Rc1 Rh4 36. Rc3 Rc8 37. Rh3 Rxh3 38. gxh3 Ke7 39. Rb3 Rc6 40. Rb4 Kd7 41. Kf2 Kc7 42. Ke3 Rc5 43. Ra4 Kb8 44. Rb4 Kc7 45. Kd4 Ra5 46. Rb3 Ra8 47. Rc3 Be8 48. b4 Rd8 49. Bc2 Bc6 50. Bd1 Re8 51. Re3 Rh8 52. Bg4 Re8 53. Bh5 Re7 54. Bg6 Rg7 55. h4 gxh4 56. Rh3 Re7 57. Rxh4 b5 58. cxb5 Bxb5 59. Bh7 Re8 60. Rg4 Bc6 61. Bg8 Re5 62. Bc4 Kb6 63. Bd3 d5 64. exd5 Rxd5+ 65. Kc3 Rd8 66. Rg6 Rd6 67. Bc2 Bd7 68. a4 Rc6+ 69. Kb3 Rxc2 70. Rxf6+ Rc6 71. Rxc6+ Kxc6 72. f6 Be6+ 73. Kc3 Kd5 74. a5 Kc6 75. Kb2 Bg8 76. Kc3 Kb5 77. Kb2 Bf7 78. Kc3 Be8 79. Kb2 Bf7 80. Kc3 Bc4 81. Kb2 Kxb4 82. a6 1/2-1/2

[Event "10th Cesme Open-A 2024"]
[Site "Cesme"]
[Date "2024.06.24"]
[Round "2"]
[White "Schekachikhin, Maksim"]
[Black "Maruflu, Enes Yusuf"]
[Result "1/2-1/2"]
[ECO "D35"]
[WhiteElo "2343"]
[BlackElo "2141"]
[Annotator "RC"]
[PlyCount "125"]
[EventDate "2024.06.23"]
[EventType "swiss"]
[EventCountry "TUR"]
[SourceTitle "playchess.com"]
[Source "ChessBase"]
[SourceQuality "1"]
[TimeControl "5400+30"]

1. d4 Nf6 2. c4 e6 3. Nc3 d5 4. cxd5 exd5 5. Bg5 c6 6. e3 Bf5 7. Qf3 Bg6 8. Bxf6 Qxf6 9. Qxf6 gxf6 10. Nf3 Nd7 11. Nh4 Be7 12. g3 a5 13. Bh3 Nb6 14. Ke2 Bb4 15. Rhc1 a4 16. Nf5 Bxc3 17. Rxc3 Nc4 18. Rc2 Ra6 19. Kd1 Kd8 20. Kc1 Kc7 21. Rc3 Rha8 22. a3 Rb6 23. Ra2 Ra5 24. Nh4 Nd6 25. Bf1 Ne4 26. Rc2 Rb3 27. Ra1 Nd6 28. Rd2 Be4 29. f3 Bg6 30. Nxg6 hxg6 31. Bd3 f5 32. Kd1 Nc4 33. Bxc4 dxc4 34. Ke2 Ra8 35. Rc1 Rh8 36. h4 g5 37. Rxc4 gxh4 38. gxh4 Rxh4 39. Rxa4 f4 40. exf4 Rxf4 41. Rc4 Rbxf3 42. Kd1 Kd6 43. Rb4 b5 44. a4 bxa4 45. Rxa4 Rf2 46. Rc4 R4f3 47. Rc5 Rf4 48. Rc4 Rf6 49. Rc5 R2f4 50. b4 R6f5 51. Kc2 Rf3 52. Rxf5 Rxf5 53. Kd3 Kd5 54. Rc2 Rf3+ 55. Ke2 Rb3 56. Rc5+ Kd6 57. Rf5 Rxb4 58. Kd3 Rb7 59. Kc4 Rd7 60. Rf6+ Kc7 61. Kc5 Rd5+ 62. Kc4 Rd7 63. Kc5 1/2-1/2

[Event "10th Cesme Open-A 2024"]
[Site "Cesme"]
[Date "2024.06.24"]
[Round "2"]
[White "Ebrahimi Herab, Hamidreza"]
[Black "Demirtas, Alper"]
[Result "1-0"]
[ECO "E46"]
[WhiteElo "2333"]
[BlackElo "2057"]
[Annotator "RC"]
[PlyCount "189"]
[EventDate "2024.06.23"]
[EventType "swiss"]
[EventCountry "TUR"]
[SourceTitle "playchess.com"]
[Source "ChessBase"]
[SourceQuality "1"]
[TimeControl "5400+30"]

1. d4 Nf6 2. c4 e6 3. Nc3 Bb4 4. Bd2 O-O 5. e3 d5 6. cxd5 exd5 7. Bd3 Nbd7 8. Nf3 Qe7 9. O-O c6 10. Qc2 Re8 11. Rae1 Bxc3 12. Bxc3 Ne4 13. Nd2 Nf8 14. f3 Nxc3 15. bxc3 Qg5 16. f4 Qh6 17. e4 dxe4 18. Bxe4 Be6 19. f5 Bd5 20. c4 Bxe4 21. Nxe4 Nd7 22. c5 Nf6 23. Nd6 Rxe1 24. Rxe1 b6 25. h3 Qf4 26. Qc4 Rf8 27. Qd3 bxc5 28. dxc5 Qb4 29. Qe3 Nd5 30. Qf2 h6 31. Kh2 Qc3 32. Re4 a5 33. Qg3 Qxg3+ 34. Kxg3 Nc3 35. Rc4 Nxa2 36. Ra4 Nc1 37. Ra3 Rb8 38. Rxa5 Nb3 39. Ra7 Nxc5 40. Nxf7 Rb7 41. Rxb7 Nxb7 42. Ne5 c5 43. Nc4 Kf7 44. Kf4 Kf6 45. Ke4 h5 46. Kf4 g6 47. fxg6 Kxg6 48. Ke5 Kg5 49. Nd2 c4 50. Nxc4 Nc5 51. Nd2 Nd3+ 52. Ke4 Nf2+ 53. Kf3 Nd3 54. Ke3 Nb4 55. Ke4 Nc2 56. Nf3+ Kg6 57. Nd4 Nb4 58. g3 Kg5 59. Nf3+ Kf6 60. Ne5 Nc2 61. Nc6 Kg5 62. Kd3 Ne1+ 63. Kd2 Nf3+ 64. Ke3 Ne1 65. Nd4 h4 66. g4 Ng2+ 67. Ke4 Kg6 68. Ne2 Kg5 69. Ng1 Kg6 70. Kf3 Ne1+ 71. Kf2 Nd3+ 72. Ke3 Ne1 73. Nf3 Ng2+ 74. Kf2 Nf4 75. Nxh4+ Kf6 76. Kg3 Ne2+ 77. Kf3 Ng1+ 78. Kg2 Ne2 79. Nf3 Nf4+ 80. Kg3 Ne2+ 81. Kf2 Nf4 82. h4 Ke6 83. Ke3 Nd5+ 84. Ke4 Nc3+ 85. Kf4 Kf6 86. g5+ Kg6 87. Kg4 Nd5 88. h5+ Kg7 89. h6+ Kh7 90. Ne5 Ne7 91. Kh5 Nf5 92. g6+ Kg8 93. h7+ Kg7 94. Nf7 Ng3+ 95. Kg4 1-0

[Event "10th Cesme Open-A 2024"]
[Site "Cesme"]
[Date "2024.06.24"]
[Round "2"]
[White "Bicer, Atakan Mert"]
[Black "Portakalci, Yusuf"]
[Result "1-0"]
[ECO "C10"]
[WhiteElo "2313"]
[BlackElo "2034"]
[Annotator "RC"]
[PlyCount "73"]
[EventDate "2024.06.23"]
[EventType "swiss"]
[EventCountry "TUR"]
[SourceTitle "playchess.com"]
[Source "ChessBase"]
[SourceQuality "1"]
[TimeControl "5400+30"]

1. e4 e6 2. d4 d5 3. Nd2 dxe4 4. Nxe4 Nd7 5. Nf3 Ngf6 6. Nxf6+ Nxf6 7. Be3 Be7 8. Qd2 Nd5 9. O-O-O Bd7 10. Kb1 Bf6 11. c4 Nb6 12. Bd3 Qe7 13. Qa5 Na4 14. b3 Nb6 15. Bc1 Qd8 16. h4 c6 17. g4 Qc7 18. Ne5 Nd5 19. Qe1 Bxe5 20. dxe5 Nb6 21. Ba3 c5 22. Qe3 O-O-O 23. Bxc5 Bc6 24. Bd6 Qd7 25. Rhe1 f6 26. f4 h5 27. Qc5 hxg4 28. Qa5 Na8 29. Qxa7 Nc7 30. b4 Bf3 31. b5 Qf7 32. Bc2 fxe5 33. fxe5 b6 34. c5 Qd7 35. cxb6 Qxb5+ 36. Bb3 Na6 37. Rc1+ 1-0

[Event "10th Cesme Open-A 2024"]
[Site "Cesme"]
[Date "2024.06.24"]
[Round "2"]
[White "Taspinar, Yanki"]
[Black "Aliyev, Elnur"]
[Result "1-0"]
[ECO "E46"]
[WhiteElo "2309"]
[BlackElo "2073"]
[Annotator "RC"]
[PlyCount "117"]
[EventDate "2024.06.23"]
[EventType "swiss"]
[EventCountry "TUR"]
[SourceTitle "playchess.com"]
[Source "ChessBase"]
[SourceQuality "1"]
[TimeControl "5400+30"]

1. d4 Nf6 2. c4 e6 3. Nc3 Bb4 4. e3 O-O 5. Bd2 Re8 6. a3 Bf8 7. e4 e5 8. d5 Bc5 9. Bd3 d6 10. h3 Nbd7 11. Nf3 Nf8 12. Ne2 c6 13. O-O Nh5 14. b4 Bb6 15. Qc1 cxd5 16. cxd5 f5 17. Bb5 fxe4 18. Bg5 exf3 19. Bxd8 Rxd8 20. gxf3 Ng6 21. Bd3 Ngf4 22. Nxf4 Nxf4 23. Qb1 Rf8 24. h4 Rf6 25. Rc1 Bh3 26. Rc4 Bd4 27. Ra2 Raf8 28. Bf1 Rg6+ 29. Kh2 Bxf1 30. Qxf1 Rh6 31. Qc1 Rxh4+ 32. Kg1 Nd3 33. Qg5 Rh6 34. Qe7 Rg6+ 35. Kf1 Bb6 36. Rg4 Rxg4 37. Qe6+ Kh8 38. Qxg4 Nf4 39. Rc2 h5 40. Qd7 Rf6 41. Rc8+ Kh7 42. Qe8 Ng6 43. Qg8+ Kh6 44. Rb8 Rxf3 45. Rxb7 Rxf2+ 46. Ke1 Rf6 47. Qxg7+ Kg5 48. Re7 h4 49. Re6 Rxe6 50. dxe6 Bd8 51. Qxa7 h3 52. Qh7 Nf4 53. Qg8+ Kh4 54. Qxd8+ Kg3 55. Qg5+ Kf3 56. Qh6 e4 57. e7 Ng2+ 58. Kd1 e3 59. e8=Q 1-0

[Event "10th Cesme Open-A 2024"]
[Site "Cesme"]
[Date "2024.06.24"]
[Round "2"]
[White "Karaoglan, Kivanc"]
[Black "Tinmaz, Kerem"]
[Result "1-0"]
[ECO "B50"]
[WhiteElo "2274"]
[BlackElo "2058"]
[Annotator "RC"]
[PlyCount "77"]
[EventDate "2024.06.23"]
[EventType "swiss"]
[EventCountry "TUR"]
[SourceTitle "playchess.com"]
[Source "ChessBase"]
[SourceQuality "1"]
[TimeControl "5400+30"]

1. e4 c5 2. Nf3 d6 3. b3 Nf6 4. Bb5+ Bd7 5. Bxd7+ Qxd7 6. d3 g6 7. Bb2 Bg7 8. O-O O-O 9. c4 Nc6 10. Nc3 Nh5 11. Na4 Bxb2 12. Nxb2 e5 13. Na4 f5 14. Nc3 Rae8 15. Re1 Kg7 16. a3 a5 17. Nd5 Ne7 18. Ng5 h6 19. Nb6 Qc6 20. Ne6+ Kf7 21. Nxf8 Rxf8 22. Nd5 Nxd5 23. cxd5 Qd7 24. b4 axb4 25. axb4 cxb4 26. Ra4 Qb5 27. Qb3 Nf4 28. Rxb4 Qxd3 29. Rxb7+ Kg8 30. Qa4 Qc3 31. Rd1 Qc8 32. Qa7 Nh5 33. Rh7 Qb8 34. exf5 Qxa7 35. Rxa7 gxf5 36. Rd7 Rf6 37. g3 Ng7 38. Ra1 Rg6 39. Ra6 1-0

[Event "10th Cesme Open-A 2024"]
[Site "Cesme"]
[Date "2024.06.24"]
[Round "2"]
[White "Eke, Salih"]
[Black "Grover, Sahaj"]
[Result "1/2-1/2"]
[ECO "D37"]
[WhiteElo "2251"]
[BlackElo "2510"]
[Annotator "TA"]
[PlyCount "96"]
[EventDate "2024.06.23"]
[EventType "swiss"]
[EventCountry "TUR"]
[SourceTitle "playchess.com"]
[Source "ChessBase"]
[SourceQuality "1"]
[TimeControl "5400+30"]

1. d4 d5 2. c4 e6 3. Nf3 a6 4. cxd5 exd5 5. Nc3 Nf6 6. Bg5 Be6 7. e3 Nbd7 8. h3 {[%emt 0:02:30] White is slightly better.} c6 9. Bd3 Bd6 10. Bf4 Qb8 11. Bxd6 Qxd6 12. O-O O-O 13. Qc2 g6 14. Rfc1 Qe7 15. a4 a5 16. Re1 Rfe8 17. Ne2 Nh5 18. g4 Nhf6 19. Ng3 c5 20. Bb5 Rec8 21. Qd2 (21. Qd3 $11) 21... Ne4 $1 $15 22. Nxe4 dxe4 23. Bxd7 (23. Nh2 $15 Rd8 24. Rac1) 23... Bxd7 ({Black should play} 23... Qxd7 24. Nh2 h5 25. gxh5 Bxh3 (25... gxh5 $2 26. Kh1 $19) 26. hxg6 fxg6) 24. Nh2 h5 25. dxc5 hxg4 26. Red1 Rd8 27. Qd6 $1 (27. hxg4 $2 Bxg4 (27... Qxc5 28. Qd5 $17) 28. Qe1 Bxd1 29. Rxd1 Qg5+ (29... Qxc5 $2 30. Nf1 $19) 30. Kh1 Rxd1 (30... Qxc5 $2 31. Rc1 $19) 31. Qxd1 Rd8 $19 (31... Qxc5 $2 32. Nf1 $19)) 27... Qg5 (27... Qxd6 28. Rxd6 Bc6 (28... gxh3 $2 29. Rad1 $18) 29. Nxg4 $11) ({Black should try} 27... Qh4 $15 28. Qf4 Qxh3) 28. Qg3 {[%emt 0:01:39] The position is equal.} Qxc5 29. Nxg4 Bxg4 30. Qxg4 Qe5 31. Rxd8+ Rxd8 $11 {[%emt 0:00:30][%mdl 4096] Endgame. KQR-KQR} 32. Rd1 Rd3 33. Rc1 $1 Kg7 (33... Qxb2 $2 34. Rc8+ Kg7 35. Qh4 $18) 34. Rc8 {[%emt 0:01:02] Prevents Rd2.} Qf6 {[%emt 0:05:30] Dodges Qh4} (34... Qxb2 35. Qh4 Qa1+ 36. Kg2 g5 37. Qh8+ (37. Qxe4 Rd1 $14) 37... Kg6 38. Rg8+ (38. Qxa1 Rd5 39. Rf8 Rd6 40. Qe5 Rf6 41. Rg8+ Kh7 42. Qe8 Kh6 43. Qf8+ Kh5 44. Qg7 Rxf2+ 45. Kxf2 Kh4 46. Rh8#) 38... Kf5 39. Qxa1) 35. Rc2 {[%emt 0:02:50] Repels Rd2} Qe5 36. Rc4 (36. Qh4 {simplifies} Qf5 37. Qg4 Qxg4+ 38. hxg4 Rb3 39. Rc5) 36... Qxb2 {[%emt 0:04:30] [#] Strongly threatening ...Qb1+.} 37. Qxe4 Rd1+ 38. Kg2 b5 39. Rc5 bxa4 {[%emt 0:08:30] White must now prevent ...a3.} 40. Qe5+ Qxe5 41. Rxe5 {[%emt 0:00:00] KR-KR} Kf6 42. Rxa5 Ra1 43. h4 a3 44. Kf3 Ke6 45. h5 gxh5 46. Rxh5 f5 (46... a2 $5 47. Ra5 $8 Kd6 $11) 47. Rh6+ Kd5 48. Ra6 Ke5 {[%emt 0:00:30] Weighted Error Value: White=0.08 (flawless) /Black=0.08 (flawless) .  Mistake:       	White=2     	Black=2      Inaccurate:     	White=1     	---        OK:         	White=15    	Black=11     Best:        	White=1     	Black=1      Strong:       	White=2     	Black=1} 1/2-1/2